 Dungeon Crawl Stone Soup version 0.25-a0-890-g62861fb195 (webtiles) character file.

Game seed: 7726876882386546622, levelgen mode: deterministic

417 Error4North the Chopper (level 6, -1/56 HPs)
             Began as a Hill Orc Fighter on May 2, 2020.
             Slain by an ice beast (7 damage)
             ... on level 5 of the Dungeon.
             The game lasted 00:11:58 (4816 turns).

Error4North the Chopper (Hill Orc Fighter)          Turns: 4816, Time: 00:11:59

Health: -1/56      AC:  8    Str: 21    XL:     6   Next: 93%
Magic:  6/6        EV:  5    Int:  8    God:
Gold:   154        SH:  8    Dex: 10    Spells: 5/5 levels left

rFire    . . .     SeeInvis .   a - +0 war axe
rCold    . . .     Gourm    .   c - +0 kite shield
rNeg     . . .     Faith    +   w - +0 chain mail
rPois    .         Spirit   .   (no helmet)
rElec    .         Reflect  .   (no cloak)
rCorr    .         Harm     .   (no gloves)
MR       .....                  (no boots)
Stlth    ..........             g - amulet of faith
HPRegen  0.18/turn              (no ring)
MPRegen  0.10/turn              (no ring)

@: very heavily drained
A: no striking features
a: no special abilities


You were on level 5 of the Dungeon.
You were hungry.

You visited 1 branch of the dungeon, and saw 5 of its levels.
You also visited: Sewer.

You collected 154 gold pieces.

Inventory:

Hand Weapons
 a - a +0 war axe (weapon)
Missiles
 u - 8 boomerangs (quivered)
Armour
 c - a +0 kite shield (worn)
 w - a +0 chain mail (worn)
Jewellery
 g - an amulet of faith (around neck)
Wands
 b - a wand of polymorph (1)
Scrolls
 h - 5 scrolls of teleportation {unknown}
 i - 3 scrolls of identify {unknown}
 k - 4 scrolls of remove curse {unknown}
 l - a scroll of random uselessness {unknown}
 n - 2 scrolls of magic mapping {unknown}
 q - 2 scrolls of fog {unknown}
 r - a scroll of blinking {unknown}
 v - a scroll of amnesia {unknown}
Potions
 d - 3 potions of might
 e - a potion of heal wounds {unknown}
 j - 3 potions of invisibility {unknown}
 m - 2 potions of lignification {unknown}
 o - a potion of stabbing {unknown}
 p - a potion of flight {unknown}
 s - 3 potions of curing {unknown}
 t - 3 potions of magic {unknown}
Comestibles
 f - 5 rations


   Skills:
 * Level 5.1(2.1) Fighting
 + Level 5.7(2.7) Axes
 + Level 0.1(0.0) Throwing
 * Level 4.6(1.7) Armour
 + Level 0.6(0.0) Dodging
 + Level 0.1(0.0) Stealth
 * Level 4.9(2.0) Shields


You had 5 spell levels left.
You didn't know any spells.
Your spell library was empty.

Dungeon Overview and Level Annotations

Branches:
Dungeon (5/15)              Sewer (visited)
 Temple: D:4-7

Altars:
Nemelex Xobeh
Sif Muna
Trog
Uskayaw


Message History

You closely miss the ice beast.
The ice beast is severely wounded.
The ice beast hits you. The ice beast freezes you!
You hit the ice beast.
The ice beast is severely wounded.
The ice beast barely misses you.
The ice beast hits you but does no damage.
You hit the ice beast.
The ice beast is almost dead.
The ice beast hits you. The ice beast freezes you!
* * * LOW HITPOINT WARNING * * *
You barely miss the ice beast.
The ice beast is almost dead.
The ice beast hits you but does no damage.
You closely miss the ice beast.
The ice beast is almost dead.
The ice beast barely misses you. The ice beast hits you.
* * * LOW HITPOINT WARNING * * *
The ice beast freezes you!
You die...

#.....#.. .
........## .##
.........##...#
........#....
...........# .
#.........#
....#..Y.......
.......@.......
......###.....#
..... .....
.... .... ...
.## .. .. # .


You could see an ice beast.

Vanquished Creatures
  5 orc wizards
  2 worker ants (D:4)
  4 gnolls
  7 adders
  An ooze (D:3)
  5 worms
  2 leopard geckos (D:1)
  10 orcs
  2 ball pythons
  7 giant cockroaches
  11 goblins
  8 hobgoblins
  12 jackals
  2 quokkas (D:2)
  4 bats
  9 frilled lizards
  12 kobolds
  6 rats
  3 plants (Sewer)
112 creatures vanquished.

Vanquished Creatures (others)
  A plant (Sewer)
1 creature vanquished.

Grand Total: 113 creatures vanquished

Notes
Turn   | Place    | Note
-------+----------+-------------------------------------------
     0 | D:1      | Error4North the Hill Orc Fighter began the quest for the
                  | Orb.
     0 | D:1      | Reached XP level 1. HP: 19/19 MP: 1/1
   133 | D:1      | Reached XP level 2. HP: 26/27 MP: 2/2
   408 | D:1      | Reached XP level 3. HP: 31/33 MP: 3/3
  1079 | D:2      | Reached XP level 4. HP: 40/40 MP: 4/4
  1473 | D:2      | Found a faded altar of an unknown god.
  1524 | D:3      | Found a glowing drain.
  1544 | Sewer    | Entered a sewer
  2279 | Sewer    | Reached XP level 5. HP: 45/47 MP: 5/5
  3664 | D:3      | Found a hide-covered altar of Uskayaw.
  3664 | D:3      | Found a sparkling altar of Nemelex Xobeh.
  3665 | D:3      | Found a bloodstained altar of Trog.
  3680 | D:3      | Reached XP level 6. HP: 48/55 MP: 6/6
  3682 | D:3      | Found a shimmering blue altar of Sif Muna.
  3860 | D:3      | Reached skill level 5 in Axes
  4305 | D:4      | Reached skill level 5 in Fighting
  4793 | D:5      | Entered Level 5 of the Dungeon
  4793 | D:5      | Noticed an ice beast
  4816 | D:5      | Slain by an ice beast

Levels and vault maps discovered:
D:1:      dpeg_arrival_prison, layout_basic
D:2:      layout_loops_ring, chequers_ecumenical_altar_twisty
D:3:      layout_basic, minitemple, gup_sewer_entry_glass
D:4:      layout_basic, nicolae_overflow_hidden_temple, first_ration
D:5:      layout_cave_pools, uniq_grinder

Skill      XL: |  1  2  3  4  5  6 |
---------------+-------------------+-----
Fighting       | 4 5 |  5.1
Axes           | 3 4 5 |  5.7
Shields        | 4 |  4.9
Armour         | 4 |  4.6
Throwing       | |  0.1
Dodging        | |  0.6
Stealth        | |  0.1

Action                   |  1- 3 |  4- 6 || total
-------------------------+-------+-------++-------
Melee: War axe           |   121 |   343 ||   464
Throw: Boomerang         |       |     6 ||     6
  Use: Potion            |       |     1 ||     1
  Eat: Chunk             |     1 |     9 ||    10
       Ration            |       |     1 ||     1
Armor: Scale mail        |    57 |    95 ||   152
       Chain mail        |       |    64 ||    64
       Skin              |       |    14 ||    14
Dodge: Dodged            |    64 |    98 ||   162
Block: Kite shield       |    79 |   166 ||   245

Table legend:
 A = Non-vault XP
 B = Vault XP
 C = Vault XP percentage of total XP
 D = Non-vault monster count
 E = Vault monster count
 F = Vault count percentage of total count
                 A         B        C        D         E       F
            +---------+---------+-------+---------+---------+-------
      Total |     540 |      57 |   9.5 |      88 |      21 |  19.3
            +---------+---------+-------+---------+---------+-------
        D:1 |      43 |       0 |   0.0 |      26 |       0 |   0.0
        D:2 |      78 |       0 |   0.0 |      18 |       0 |   0.0
        D:3 |     151 |      30 |  16.6 |      30 |       4 |  11.8
        D:4 |     268 |       0 |   0.0 |      14 |       0 |   0.0
      Sewer |       0 |      27 | 100.0 |       0 |      17 | 100.0
            +---------+---------+-------+---------+---------+-------
